 Dungeon Crawl Stone Soup version 0.28.0-43-g3370ac3207 (webtiles) character file.

Game seed: 9776397783297388332

508 nickcage the Cudgeller (level 7, 0/41 HPs)
             Began as a Gargoyle Monk on Mar 28, 2022.
             Slain by a black bear (2 damage)
             ... on level 4 of the Dungeon.
             The game lasted 00:10:53 (4122 turns).

nickcage the Cudgeller (Gargoyle Monk)              Turns: 4122, Time: 00:10:53

Health: 0/41       AC: 12    Str: 16    XL:     7   Next: 18%
Magic:  7/7        EV: 11    Int: 11    God:
Gold:   179        SH:  0    Dex: 12    Spells: 6/6 levels left

rFire   + . .      SeeInvis .   a - +0 mace
rCold   . . .      Faith    .   (no shield)
rNeg    + . .      Spirit   .   m - +0 ring mail
rPois   ∞          Reflect  .   (no helmet)
rElec   +          Harm     .   t - +2 cloak
rCorr   .          Rampage  .   (no gloves)
Will    .....                   (no boots)
Stlth   +.........              (no amulet)
HPRegen 0.13/turn               p - ring of protection from fire
MPRegen 0.10/turn               (no ring)

@: no status effects
A: sickness immunity, AC +4, negative energy resistance 1, electricity
resistance, torment resistance 1, petrification resistance
a: no special abilities


You were on level 4 of the Dungeon.
You visited 1 branch of the dungeon, and saw 4 of its levels.
You also visited: Sewer.

You collected 179 gold pieces.

Inventory:

Hand Weapons
 a - a +0 mace (weapon)
Missiles
 n - 3 poisoned darts (quivered)
 v - 2 javelins
Armour
 m - a +0 ring mail (worn)
 t - a +2 cloak (worn)
Jewellery
 p - a ring of protection from fire (left hand)
Scrolls
 c - 2 scrolls of amnesia {unknown}
 h - 4 scrolls of identify {unknown}
 i - a scroll of enchant weapon {unknown}
 j - a scroll of torment {unknown}
 k - a scroll of enchant armour {unknown}
 q - a scroll of blinking {unknown}
 s - a scroll of fear {unknown}
 u - a scroll of teleportation {unknown}
Potions
 b - a potion of curing {unknown}
 d - a potion of resistance {unknown}
 e - a potion of attraction {unknown}
 f - a potion of cancellation {unknown}
 g - a potion of ambrosia {unknown}
 l - a potion of flight {unknown}
 o - 3 potions of mutation {unknown}
 r - a potion of lignification {unknown}
 w - a potion of brilliance {unknown}
 x - 2 potions of heal wounds {unknown}
 z - a potion of haste {unknown}


   Skills:
 - Level 3.2 Fighting
 + Level 7.9 Maces & Flails
 + Level 0.6 Throwing
 - Level 2.4 Dodging
 - Level 2.1 Stealth


You had 6 spell levels left.
You didn't know any spells.
Your spell library contained the following spells:

 Spells                   Type           Power      Damage    Failure   Level
 Slow                     Hex            0%         N/A       56%         1
 Confusing Touch          Hex            0%         N/A       90%         3
 Vampiric Draining        Necr           0%         2d6       90%         3
 Leda's Liquefaction      Hex/Erth       0%         N/A       100%        4
 Lee's Rapid Deconstruct  Erth           0%         3d5*      100%        5
 Statue Form              Tmut/Erth      Unusable   N/A       N/A         6

Dungeon Overview and Level Annotations

Branches:
Dungeon (4/15)              Sewer (visited)
 Temple: D:4-7

Altars:
Trog
Uskayaw
Wu Jian
Xom
Yredelemnul


Innate Abilities, Weirdness & Mutations

You are immune to sickness and miasma.
Your stone body is resilient. (AC +4)
You are immune to poison.
You resist negative energy. (rN+)
You are resistant to electric shocks. (rElec)
You are resistant to unholy torment.
You are immune to petrification.


Message History

The black bear claws you but does no damage.
The black bear barely misses you.
You hit the black bear.
The black bear is heavily wounded.
The black bear barely misses you. x2
The black bear claws you but does no damage.
You barely miss the black bear.
The black bear is heavily wounded.
The black bear closely misses you. The black bear claws you.
The black bear misses you.
You hit the black bear.
The black bear is severely wounded.
The black bear closely misses you. x3
You hit the black bear.
The black bear is severely wounded.
The black bear closely misses you.
The black bear claws you but does no damage.
The black bear closely misses you.
You hit the black bear.
The black bear is severely wounded.
The black bear misses you.
The black bear claws you but does no damage.
The black bear barely misses you.
You completely miss the black bear.
The black bear is severely wounded.
The black bear closely misses you. The black bear misses you.
The black bear claws you but does no damage.
You barely miss the black bear.
The black bear is severely wounded.
The black bear goes berserk!
You hit the black bear.
The black bear is almost dead.
The black bear bites you but does no damage.
The black bear claws you but does no damage. x2
The black bear bites you!
* * * LOW HITPOINT WARNING * * *
The black bear claws you.
* * * LOW HITPOINT WARNING * * *
The black bear claws you.
You die...

#.....#.. #...###.
#.....#.####..#### ≈≈. ....#
#.....#.....[..##. #≈≈≈≈≈.....#
###.###........### #≈≈≈≈≈..#(.#
#.# #..#.##....# #≈≈≈≈..#..## #.#
#..######... #≈≈≈≈≈.#...#
##.###.## #....
###≈≈≈≈≈....#####......## #....
..88≈≈≈≈≈88..#hh@...##.†#####....
...............##....##..##.#....
..............####...#....)......
..88≈≈≈≈≈88..)####..##...........
....#≈≈≈≈.##.....#.###...........
.....≈≈≈≈≈###....................
.....≈≈≈≈≈# ######.#.#...........
....(.≈≈≈≈.# ##..#...........
......≈≈≈≈≈.# #.....##...>....


You could see 2 black bears.

Vanquished Creatures
  A black bear (D:4)
  A kobold brigand (Sewer)
  A scorpion (D:3)
  A jelly (D:3)
  An iguana (D:3)
  A hound zombie (D:4)
  A gnoll (D:1)
  6 adders
  4 river rats (Sewer)
  A white imp (D:4)
  An ufetubus (D:3)
  An adder zombie (D:4)
  4 worms
  A dart slug (D:4)
  An orc (D:3)
  8 endoplasms
  3 giant cockroaches
  5 goblins
  7 hobgoblins
  13 kobolds
  8 quokkas
  14 ball pythons
  5 bats
  A quokka zombie (D:3)
  11 rats
101 creatures vanquished.

Notes
Turn   | Place    | Note
-------+----------+-------------------------------------------
     0 | D:1      | nickcage the Gargoyle Monk began the quest for the Orb.
     0 | D:1      | Reached XP level 1. HP: 14/14 MP: 1/1
   214 | D:1      | Reached XP level 2. HP: 15/19 MP: 2/2
   619 | D:1      | Reached skill level 4 in Maces & Flails
   738 | D:1      | Reached XP level 3. HP: 23/23 MP: 3/3
  1346 | D:2      | Found a faded altar of an unknown god.
  1697 | D:3      | Reached XP level 4. HP: 28/28 MP: 4/4
  1722 | D:3      | Reached skill level 5 in Maces & Flails
  1820 | D:3      | Found a hide-covered altar of Uskayaw.
  2273 | D:4      | Noticed a black bear
  2281 | D:4      | Killed a black bear
  2282 | D:4      | Reached skill level 6 in Maces & Flails
  2282 | D:4      | Reached XP level 5. HP: 31/32 MP: 5/5
  2305 | D:4      | Found a glowing drain.
  2324 | Sewer    | Entered a sewer
  2533 | Sewer    | Noticed a kobold brigand
  2560 | Sewer    | Killed a kobold brigand
  2561 | Sewer    | Reached XP level 6. HP: 26/37 MP: 6/6
  2974 | Sewer    | Reached skill level 7 in Maces & Flails
  3434 | D:3      | Reached XP level 7. HP: 12/41 MP: 7/7
  3783 | D:4      | Found a shimmering altar of Xom.
  3788 | D:4      | Found a shimmering altar of Xom.
  3788 | D:4      | Found a shimmering altar of Xom.
  3789 | D:4      | Found a shimmering altar of Xom.
  3789 | D:4      | Found a shimmering altar of Xom.
  3822 | D:4      | Found an ornate altar of the Wu Jian Council.
  4051 | D:4      | Found a basalt altar of Yredelemnul.
  4083 | D:4      | Found a bloodstained altar of Trog.
  4122 | D:4      | HP: 2/41 [black bear (5)]
  4122 | D:4      | Slain by a black bear

Illustrated notes

Levels and vault maps discovered:
D:1:      minmay_arrival_four_loops, layout_basic
D:2:      layout_rooms, nicolae_ecumenical_pavilion
D:3:      layout_loops_cross, marbit_many_paths
D:4:      wander_river, layout_cave_pools, trog_ov_bears_minmay,
          lemuel_zombie_altar_yredelemnul, xom_redecorated,
          mainiacjoe_overflow_concentric_impassable, portal_sewer_entry_f,
          item_on_display_a

Skill      XL: |  1  2  3  4  5  6 |
---------------+-------------------+-----
Maces & Flails | 4 6 7 |  7.9
Fighting       | |  3.2
Throwing       | |  0.6
Dodging        | |  2.4
Stealth        | |  2.1

Action                   |  1- 3 |  4- 6 |  7- 9 || total
-------------------------+-------+-------+-------++-------
Melee: Mace              |   120 |   237 |    78 ||   435
       Punch             |       |     1 |     2 ||     3
Throw: Javelin           |       |     2 |       ||     2
       Dart              |       |     3 |       ||     3
 Stab: Sleeping          |     5 |       |       ||     5
Armor: Robe              |    19 |       |       ||    19
       Leather armour    |    18 |       |       ||    18
       Ring mail         |    15 |   103 |    52 ||   170
Dodge: Dodged            |    97 |   124 |    62 ||   283
